Armor Superior DAK

Match 35768878
End
Construct Weapon Support Center
Engineer Squad
M1919 Machine Gun Team
Bazooka Squad
Mechanized Support Center
Construct Barracks
Construct Barracks
.30 cal Machine Gun
Riflemen Squad
M3 75 mm Gun Motor Carriage
Selects Advanced Infantry Battlegroup
Selects Advanced Infantry Battlegroup
Selects Convert to Ranger Squad
Ranger Squad
Riflemen Squad
Construct Tank Depot
Selects Designate Assault Position
M4A1 Sherman Medium Tank
Construct Medical Station
Designate Forward Repair Station
Riflemen Squad
Improvised Armor
Grenade Package
Engineer Squad
Selects Infantry Assault
Selects Ammunition Storage
Riflemen Squad
Infantry Assault
M4A1 Sherman Medium Tank
Infantry Assault
Selects M2A1 105mm Howitzer Emplacement
M4A1 Sherman Medium Tank
Selects Free Fire Drills
Infantry Assault
Bazooka Squad
M4A1 Sherman Medium Tank
Infantry Assault
M4A1 Sherman Medium Tank
Designate Forward Repair Station
M4A1 76mm Conversion
Infantry Assault
M4A1(76) Sherman Medium Tank
Infantry Assault
M4A1(76) Sherman Medium Tank
Bazooka Squad
xyz毑輒
墨书
six god
这不是真的吗
屑里夫
Mochi_flamer
【嗜血狼族】灵狐魅儿
MEGArgent
0
0

Comments sign in to comment!

No comments posted yet!